 Dungeon Crawl Stone Soup version 0.20-a0-656-g9b0dcd9 (webtiles) character file.

65 krabocopter the Ruffian (level 4, -3/37 (38) HPs)
             Began as a Ghoul Gladiator on Feb 16, 2017.
             Slain by an ogre
             ... wielding a +0 giant club
              (29 damage)
             ... on level 2 of the Dungeon.
             The game lasted 00:09:03 (1642 turns).

krabocopter the Ruffian (Ghoul Gladiator)           Turns: 1642, Time: 00:09:04

HP:   -3/37 (38)    AC:  4    Str: 20    XL:     4   Next: 14%
MP:   3/3           EV: 12    Int:  3    God:
Gold: 90            SH:  0    Dex: 11    Spells: 3/3 levels left

rFire    . . .     SeeInvis .     - Unarmed
rCold    + . .     Gourm    .   a - +0 leather armour
rNeg     + + +     Faith    .   (no shield)
rPois    ∞         Spirit   .   o - +1 hat
rElec    .         Reflect  .   (no cloak)
rCorr    .         Harm     .   (no gloves)
MR       .....                  (no boots)
Stlth    +.........             (no amulet)
Regen    0.1/turn               n - +3 ring of strength
MPRegen  0.1/turn               m - ring of wizardry

@: rotting
A: rotting body, claws 1, carnivore 3, cold resistance 1, negative energy
resistance 3, slow regeneration 1, torment resistance, unbreathing
a: no special abilities


You were on level 2 of the Dungeon.
You were not hungry.

You visited 1 branch of the dungeon, and saw 2 of its levels.

You collected 90 gold pieces.

Inventory:

Missiles
 c - 3 throwing nets (quivered)
Armour
 a - a +0 leather armour (worn)
 o - a +1 hat (worn)
Jewellery
 i - a cursed ring of teleportation {unknown}
 m - a ring of wizardry (left claw)
 n - a +3 ring of strength (right claw)
Scrolls
 e - a scroll of teleportation {unknown}
 f - a scroll of remove curse {unknown}
 h - a scroll of recharging {unknown}
 j - a scroll of fear {unknown}
 k - a scroll of identify {unknown}
 l - a scroll of enchant weapon {unknown}
Potions
 b - a potion of might {unknown}
 g - a potion of brilliance {unknown}
 p - a potion of curing
Comestibles
 d - a meat ration


   Skills:
 + Level 3.2 Fighting
 - Level 1.7 Throwing
 - Level 2.6 Dodging
 * Level 4.7 Unarmed Combat


You had 3 spell levels left.
You didn't know any spells.

Dungeon Overview and Level Annotations

Branches:
Dungeon (2/15)

Altars:


Innate Abilities, Weirdness & Mutations

Your body is rotting away.
You thrive on raw meat.
You are immune to poison.
You have sharp fingernails.
You are carnivorous and can eat meat at any time.
Your flesh is cold resistant. (rC+)
You are immune to negative energy. (rN+++)
You regenerate slowly when monsters are visible.
You are immune to unholy pain and torment.
You can survive without breathing.


Message History

You kill the frilled lizard!
Health restored: 37 The ogre shouts!
You open the door.
The goblin shouts!
There is an open door here.
The goblin barely misses you. The goblin hits you but does no damage.
There is an open door here.
The goblin hits you with a dagger.
You take 1 damage, and have 36/37 hp.
You barely miss the ogre.
Health restored: 37
Okay, then.
You scratch the ogre. The ogre hits you with a giant club!
You take 11 damage, and have 26/37 hp.
MASSIVE DAMAGE!!
You scratch the ogre. The ogre barely misses you.
You barely miss the ogre. The ogre hits you with a giant club!!
Ouch! That really hurt!
You die...

...........#....##.# #...O.......
.####...####....##.###.####......
....>.....♣♣♣...'.........'......
.###.....♣P.P♣..##.###.#..#......
.###.#'#.♣♣.♣♣..'...##.#..######+
...#+#.##♣P.P♣..##..##.#......##.
.........♣♣P♣♣..g...##...........
......###♣..P♣#####.####.#....###
......'.'.♣.♣...@Og..............
......###...#######.####.#...#...
......# #...........# #.#...#.##
......# #...........####.#..##...
......# #.................<..+...
......# ####.................#...
......# #.....................
......# #................#.###
##'#+#######................#.###


You could see an ogre and a goblin.

Vanquished Creatures
  2 adders (D:2)
  2 oozes (D:2)
  A leopard gecko (D:2)
  A ball python (D:2)
  3 giant cockroaches (D:2)
  7 goblins
  7 hobgoblins
  5 bats (D:2)
  3 frilled lizards
  A kobold (D:1)
  6 rats
38 creatures vanquished.

Notes
Turn   | Place    | Note
-------+----------+-------------------------------------------
     0 | D:1      | krabocopter the Ghoul Gladiator began the quest for the Orb.
     0 | D:1      | Reached XP level 1. HP: 17/17 MP: 0/0
   563 | D:2      | Reached XP level 2. HP: 25/25 MP: 1/1
   623 | D:2      | Reached skill level 4 in Unarmed Combat
   743 | D:2      | Reached XP level 3. HP: 27/30 MP: 2/2
  1368 | D:2      | Noticed an ogre
  1445 | D:2      | Reached XP level 4. HP: 21/38 MP: 3/3
  1642 | D:2      | Slain by an ogre

Vault maps used:
D:1:      lightli_arrival_quake
D:2:      serial_forest, infiniplex_forest_end_1,
          infiniplex_forest_lined_corner, infiniplex_forest_clump_small,
          infiniplex_forest_straight_3, infiniplex_forest_lined_3,
          infiniplex_forest_clump_long, infiniplex_forest_clump_diagonal,
          infiniplex_forest_zigzag_2, infiniplex_forest_clump_C, first_bread,
          grunt_ministairs_13, minmay_divided_ellipse

Skill      XL: |  1  2  3 |
---------------+----------+-----
Unarmed Combat | 4 |  4.7
Fighting       | 3 |  3.2
Throwing       | |  1.7
Dodging        | |  2.6

Action                   |  1- 3 |  4- 6 || total
-------------------------+-------+-------++-------
Melee: Unarmed           |    99 |    17 ||   116
       Punch             |     2 |       ||     2
  Use: Potion            |       |     1 ||     1
  Eat: Chunk             |    14 |     3 ||    17
Armor: Leather armour    |    37 |     1 ||    38
Dodge: Dodged            |    79 |     9 ||    88
